 Dungeon Crawl Stone Soup version 0.23-a0-636-g0ff6057 (webtiles) character file.

15400 Gorice the Carver (level 12, -12/84 HPs)
             Began as a Demonspawn Wanderer on Dec 28, 2018.
             Was a Believer of Makhleb.
             Mangled by a lorocyproca (23 damage)
             ... on level 2 of the Abyss.
             The game lasted 01:01:21 (16540 turns).

Gorice the Carver (Demonspawn Wanderer)            Turns: 16540, Time: 01:01:21

Health: -12/84     AC: 27    Str: 18    XL:     12   Next: 0%
Magic:  0/12       EV:  8    Int: 13    God:    Makhleb [**....]
Gold:   863        SH:  0    Dex: 13    Spells: 11/11 levels left

rFire    . . .     SeeInvis +   a - +0 scimitar
rCold    . . .     Gourm    .   (no shield)
rNeg     . . .     Faith    .   B - +0 plate armour
rPois    .         Spirit   +   H - +2 hat
rElec    .         Reflect  .   t - +0 cloak
rCorr    .         Harm     .   A - +1 pair of gloves
MR       .....                  u - +0 pair of boots
Stlth    ..........             (no amulet)
HPRegen  0.24/turn              P - +5 ring of protection
MPRegen  0.13/turn              i - ring of see invisible

@: no status effects
A: horns 2, demonic guardian 1, magic shield, sturdy frame 2
a: Minor Destruction, Renounce Religion


You were on level 2 of the Abyss.
You worshipped Makhleb.
Makhleb was pleased with you.
You were very hungry.

You visited 3 branches of the dungeon, and saw 14 of its levels.
You visited the Abyss 1 time.

You collected 863 gold pieces.

Inventory:

Hand Weapons
 a - a +0 scimitar (weapon)
Missiles
 k - 5 javelins (quivered)
 o - 5 tomahawks
 Y - 363 stones
 Z - a throwing net {!f}
Armour
 t - a +0 cloak (worn)
 u - a +0 pair of boots (worn)
 y - a +0 hat of magic resistance
   (You took it off Gastronok on level 2 of the Lair of Beasts)
 A - a +1 pair of gloves (worn)
 B - a +0 plate armour (worn)
 H - a +2 hat (worn)
Jewellery
 e - a +2 ring of evasion
 i - a ring of see invisible (right hand)
 j - an uncursed ring of wizardry
 C - an uncursed ring of resist corrosion
 P - a +5 ring of protection (left hand)
Wands
 d - a wand of digging (9)
 h - a wand of iceblast (2)
 m - a wand of clouds (5)
 F - a wand of flame (1)
 J - a wand of polymorph (6)
Scrolls
 g - a scroll of blinking
 l - 3 scrolls of fog
 q - 3 scrolls of teleportation {!r}
 r - 5 scrolls of remove curse
 D - 2 scrolls of amnesia
 G - a scroll of fear {!r}
Potions
 b - 5 potions of flight
 c - a potion of might {!q}
 n - 4 potions of berserk rage
 p - a potion of cancellation {!q}
 s - 7 potions of curing
 v - a potion of magic {!q}
 w - 2 potions of invisibility {!q}
 x - 4 potions of heal wounds {!q}
 z - 3 potions of agility {!q}
 E - 4 potions of lignification {!q}
 I - a potion of ambrosia
Comestibles
 f - 22 rations


   Skills:
 * Level 4.4 Fighting
   Level 1.7(9.4) Short Blades
 - Level 13.9(14.0) Long Blades
 - Level 1.0 Throwing
 + Level 10.5 Armour
 - Level 1.0 Stealth
 - Level 1.0 Evocations


You had 11 spell levels left.
You didn't know any spells.
Your spell library contained the following spells:

 Spells                   Type           Power        Failure   Level  Hunger
 Magic Dart               Conj           #...         89%         1    ##.....
 Blink                    Tloc           N/A          96%         2    ###....
 Call Imp                 Summ           #.......     96%         2    ###....
 Slow                     Hex            #.......     96%         2    ###....
 Conjure Flame            Conj/Fire      #.......     99%         3    ####...
 Mephitic Cloud           Conj/Pois/Air  #.......     99%         3    ####...
 Malign Gateway           Summ/Tloc      #.........   100%        7    #######
 Monstrous Menagerie      Summ           #.........   100%        7    #######
 Summon Greater Demon     Summ           #.........   100%        7    #######
 Summon Horrible Things   Summ           #.........   100%        8    #######


Dungeon Overview and Level Annotations

Branches:
Dungeon (10/15)            Temple (1/1) D:7            Lair (3/6) D:8
  Snake (0/4) Lair:2
  Swamp: Lair:2-4    Shoals: Lair:2-4       Orc: D:9-12

Altars:
Ashenzari
Cheibriados
Dithmenos
Elyvilon
Fedhas
Gozag
Hepliaklqana
Kikubaaqudgha
Makhleb
Nemelex Xobeh
Okawaru
Qazlal
Ru
Sif Muna
Trog
Uskayaw
Vehumet
Wu Jian
Xom
Yredelemnul
Zin
The Shining One

Annotations:
D:1 vpUX: fire vault


Innate Abilities, Weirdness & Mutations

You have a pair of horns on your head.
A weak demonic guardian rushes to your aid.
When hurt, damage is shared between your health and your magic reserves.
Your movements are less encumbered by armour. (ER -4)


Message History

Your shadow imp dies!
You swap places.
The lorocyproca closely misses you.
You slash the lorocyproca!
The lorocyproca is moderately wounded.
The lorocyproca hits you.
You feel your power leaking away.
Damage: 5 (max 5) Unknown command.
You hit the lorocyproca but do no damage.
Your headbutt misses the lorocyproca.
The lorocyproca is moderately wounded.
Unknown command.
You miss the lorocyproca.
The lorocyproca is moderately wounded.
The lorocyproca hits you!!
Damage: 18 (max 18)
You closely miss the lorocyproca. You headbutt the lorocyproca.
The lorocyproca is moderately wounded.
The lorocyproca hits you!
Damage: 16 (max 18) Unknown command.
You hit the lorocyproca but do no damage.
Your headbutt misses the lorocyproca.
The lorocyproca is moderately wounded.
You hit the lorocyproca.
The lorocyproca is moderately wounded.
The lorocyproca hits you but does no damage.
Unknown command.
You hit the lorocyproca but do no damage.
You headbutt the lorocyproca.
The lorocyproca is heavily wounded.
The lorocyproca hits you but does no damage.
Unknown command.
You slash the lorocyproca!
The lorocyproca is heavily wounded.
Unknown command.
You closely miss the lorocyproca. Your headbutt misses the lorocyproca.
The lorocyproca is heavily wounded.
The lorocyproca hits you!
* * * LOW HITPOINT WARNING * * *
Damage: 10 (max 18)
You closely miss the lorocyproca. Your headbutt misses the lorocyproca.
The lorocyproca is heavily wounded.
The lorocyproca hits you!!
* * * LOW HITPOINT WARNING * * *
Damage: 25 (max 25)
Your plate armour prevents you from hitting the lorocyproca.
The lorocyproca is heavily wounded.
The lorocyproca hits you!!
You die...

. # # .. .# #
.# ..##....#
.... ##.. ..#
.... ## . ..# #
. .. ..###.# ..
. ..###...####
... ... .
###...# # >. .#
###.5.##
....#####...2@#
.. ..
.......##5# .
....... ##.#
###.. #..
..#### .
......# ..#.#..
... ## #...._.
.# #..###.. .#
... #..#


You could see a lorocyproca (invisible), a friendly white imp and a friendly
ufetubus.

Vanquished Creatures
  Gastronok (Lair:2)
  Fannar (Lair:3)
  A death yak (Lair:2)
  2 wizards (D:10)
  A molten gargoyle (Lair:2)
  A black mamba (Lair:3)
  3 spiny frogs (Lair:1)
  A komodo dragon (Lair:2)
  Prince Ribbit (D:7)
  2 hippogriffs
  A wyvern (D:10)
  14 yaks
  A human (D:7)
  4 hogs (D:7)
  A basilisk (Lair:1)
  4 nagas (Lair:2)
  A water moccasin (Lair:3)
  Duvessa (D:4)
  2 porcupines
  An orc warrior (D:8)
  2 phantoms
  3 black bears
  A hornet zombie (D:8)
  The ghost of Lanoc the Caller, an amateur OgSu (D:3)
  2 centaurs
  6 wolves
  7 crocodiles
  7 bullfrogs
  Dowan (D:4)
  A wyvern skeleton (D:9)
  3 scorpions
  18 killer bees
  2 howler monkeys (D:10)
  5 crimson imps
  3 centaur zombies
  3 jellies
  3 bullfrog skeletons
  3 hounds
  3 orc priests
  A centaur skeleton (D:7)
  4 iguanas
  4 worker ants
  4 orc wizards
  2 hound zombies (D:5)
  2 hound skeletons
  3 worker ant zombies (D:5)
  Robin (D:4)
  11 adders
  4 gnolls
  2 shadow imps
  2 oozes
  An adder zombie (D:5)
  3 adder skeletons
  A worm (D:2)
  A dart slug (D:1)
  7 leopard geckos
  18 orcs
  5 giant cockroaches
  13 goblins
  10 hobgoblins
  2 jackals (D:4)
  5 quokkas
  6 bats
  5 frilled lizards
  A jackal zombie (D:5)
  8 kobolds
  A quokka skeleton (D:5)
  A quokka zombie (D:5)
  6 rats
  A plant (Lair:1)
253 creatures vanquished.

Vanquished Creatures (collateral kills)
  An oklob plant (Lair:1)
  Joseph (D:10)
  A spiny frog (Lair:2)
  A hungry ghost (D:8)
  A water moccasin (Lair:1)
  2 ogres (D:6)
  A phantom (D:7)
  An adder skeleton (D:6)
  A plant (Lair:1)
10 creatures vanquished.

Vanquished Creatures (others)
  2 fungi
  A plant (Lair:3)
  4 withered plants (D:5)
7 creatures vanquished.

Grand Total: 270 creatures vanquished

Notes
Turn   | Place    | Note
-------+----------+-------------------------------------------
     0 | D:1      | Gorice the Demonspawn Wanderer began the quest for the Orb.
     0 | D:1      | Gorice set off with the following items: a +2 falchion, a
                  | +0 spear, a +0 short sword, a +0 robe, a ration
     0 | D:1      | Reached XP level 1. HP: 19/19 MP: 1/1
   187 | D:1      | Gained mutation: You have a pair of small horns on your
                  | head. [demonic ancestry]
   187 | D:1      | Reached XP level 2. HP: 23/25 MP: 2/2
   514 | D:1      | Reached skill level 2 in Long Blades
   635 | D:1      | Reached skill level 1 in Armour
  1123 | D:2      | Found a shadowy altar of Dithmenos.
  1179 | D:2      | Reached XP level 3. HP: 26/30 MP: 3/3
  1685 | D:2      | Reached skill level 3 in Long Blades
  1730 | D:3      | Gained mutation: When hurt, damage is shared between your
                  | health and your magic reserves. [demonic ancestry]
  1730 | D:3      | Reached XP level 4. HP: 37/37 MP: 4/4
  1838 | D:3      | Found a runed gate.
  1840 | D:3      | Noticed Lanoc's ghost (amateur OgSu)
  1847 | D:3      | Found a runed gate.
  1855 | D:3      | Found a runed gate.
  2004 | D:3      | Reached skill level 2 in Armour
  2229 | D:3      | Found a white marble altar of Elyvilon.
  2231 | D:3      | Found an opulent altar of Gozag.
  2401 | D:3      | Reached XP level 5. HP: 40/42 MP: 3/5
  2877 | D:4      | Noticed a phantom
  2990 | D:4      | Killed a phantom
  2990 | D:4      | Reached skill level 4 in Long Blades
  3102 | D:4      | Noticed Robin
  3125 | D:4      | Killed Robin
  3125 | D:4      | Gained mutation: You have a pair of horns on your head.
                  | [demonic ancestry]
  3125 | D:4      | Reached XP level 6. HP: 31/48 MP: 4/6
  3284 | D:4      | Noticed Dowan
  3299 | D:4      | Noticed Duvessa
  3308 | D:4      | HP: 14/48 [Dowan/+0 dagger (2)]
  3320 | D:4      | Killed Duvessa
  3320 | D:4      | Reached skill level 5 in Long Blades
  3320 | D:4      | Reached skill level 3 in Armour
  3333 | D:4      | HP: 14/48 [adder (1)]
  3337 | D:4      | HP: 3/48 [Dowan/stone arrow (11)]
  3339 | D:4      | Killed Dowan
  3776 | D:4      | Gained mutation: Your movements are slightly less
                  | encumbered by armour. (ER -2) [demonic ancestry]
  3776 | D:4      | Reached XP level 7. HP: 54/54 MP: 7/7
  4621 | D:5      | Entered Level 5 of the Dungeon
  4730 | D:5      | Reached skill level 6 in Long Blades
  4856 | D:5      | Reached skill level 4 in Armour
  5219 | D:5      | Noticed a yak
  5220 | D:5      | Noticed a yak
  5248 | D:5      | Killed a yak
  5248 | D:5      | Reached skill level 7 in Long Blades
  5248 | D:5      | Gained mutation: A weak demonic guardian rushes to your
                  | aid. [demonic ancestry]
  5248 | D:5      | Reached XP level 8. HP: 28/60 MP: 3/8
  5286 | D:5      | Reached skill level 5 in Armour
  5524 | D:5      | Reached skill level 8 in Long Blades
  5535 | D:5      | HP: 18/60 [yak (11)]
  5805 | D:5      | Noticed an angel
  5807 | D:5      | Found a shimmering altar of Xom.
  5808 | D:5      | Found a glowing silver altar of Zin.
  6734 | D:6      | Reached skill level 6 in Armour
  6734 | D:6      | Reached XP level 9. HP: 48/65 MP: 6/9
  6736 | D:6      | Reached skill level 9 in Long Blades
  6891 | D:6      | HP: 11/65 [centaur/arrow (11)]
  6891 | D:6      | HP: 2/65 [centaur/arrow (9)]
  6896 | D:6      | HP: 6/65 [centaur/arrow (1)]
  6916 | D:6      | HP: 4/65 [centaur/arrow (6)]
  6922 | D:6      | HP: 3/65 [centaur/arrow (1)]
  7703 | D:6      | Found a burning altar of Makhleb.
  8412 | D:7      | Reached skill level 10 in Long Blades
  8452 | D:6      | Found a shattered altar of Ashenzari.
  8529 | D:7      | Noticed Prince Ribbit
  8544 | D:7      | Killed Prince Ribbit
  8544 | D:7      | Reached skill level 7 in Armour
  8749 | D:7      | Gained mutation: Your movements are less encumbered by
                  | armour. (ER -4) [demonic ancestry]
  8749 | D:7      | Reached XP level 10. HP: 60/71 MP: 8/10
  9006 | D:7      | Found a staircase to the Ecumenical Temple.
  9023 | Temple   | Entered the Ecumenical Temple
  9427 | D:6      | Became a worshipper of Makhleb the Destroyer
  9889 | D:8      | Reached skill level 11 in Long Blades
 10174 | D:8      | Found a staircase to the Lair.
 10274 | D:8      | HP: 9/71 [orc warrior/+0 scimitar (15)]
 10667 | D:8      | Found a shattered altar of Ashenzari.
 10738 | D:8      | Found a sparkling altar of Nemelex Xobeh.
 11059 | Lair:1   | Entered Level 1 of the Lair of Beasts
 11133 | Lair:1   | Noticed a spiny frog
 11144 | Lair:1   | Killed a spiny frog
 11144 | Lair:1   | Reached skill level 8 in Armour
 11150 | Lair:1   | Noticed a spiny frog
 11196 | Lair:1   | HP: 21/71 [poisoned by a spiny frog]
 11201 | Lair:1   | HP: 12/71 [poisoned by a spiny frog]
 11204 | Lair:1   | Killed a spiny frog
 11391 | Lair:1   | Reached * piety under Makhleb
 11395 | Lair:1   | Reached skill level 12 in Long Blades
 11804 | Lair:1   | Noticed a spiny frog
 11814 | Lair:1   | Killed a spiny frog
 12219 | Lair:1   | Noticed an oklob plant
 12264 | Lair:1   | Killed an oklob plant
 12264 | Lair:1   | Reached skill level 9 in Armour
 12264 | Lair:1   | Reached XP level 11. HP: 66/77 MP: 8/11
 12722 | Lair:2   | Found a deep blue altar of Sif Muna.
 12756 | Lair:2   | Noticed Gastronok
 12799 | Lair:2   | Found a staircase to the Snake Pit.
 13166 | Lair:2   | HP: 22/77 [poisoned by a spiny frog]
 13182 | Lair:2   | HP: 23/77 [crocodile (7)]
 13487 | Lair:2   | Killed Gastronok
 13487 | Lair:2   | Reached skill level 13 in Long Blades
 14035 | D:3      | Killed Lanoc's ghost
 14040 | D:3      | Reached ** piety under Makhleb
 14282 | Lair:3   | Noticed Fannar
 14379 | Lair:3   | Killed Fannar
 14448 | Lair:3   | Noticed a death yak
 14448 | Lair:3   | Noticed a death yak
 14451 | Lair:3   | Noticed a death yak
 14482 | Lair:2   | HP: 20/77 [death yak (10)]
 14483 | Lair:2   | Killed a death yak
 14742 | Lair:3   | Reached skill level 10 in Armour
 14993 | Lair:3   | Noticed a six-headed hydra
 15080 | D:9      | Found an ornate altar of the Wu Jian Council.
 15161 | D:9      | Found an iron altar of Okawaru.
 15306 | D:9      | Found a hazy altar of Hepliaklqana.
 15570 | D:9      | Found a radiant altar of Vehumet.
 15571 | D:9      | Found a burning altar of Makhleb.
 15853 | D:10     | Entered Level 10 of the Dungeon
 15918 | D:10     | Noticed Joseph
 15941 | D:10     | Killed Joseph
 16006 | D:10     | Noticed a wizard
 16073 | D:10     | Killed a wizard
 16208 | D:10     | Noticed a wizard
 16217 | D:10     | Killed a wizard
 16217 | D:10     | Reached XP level 12. HP: 69/84 MP: 9/12
 16381 | D:10     | Cast into level 2 of the Abyss (a wizard)
 16382 | Abyss:2  | Found a corrupted altar of Lugonu.
 16488 | Abyss:2  | Found a corrupted altar of Lugonu.
 16520 | Abyss:2  | Noticed a lorocyproca
 16539 | Abyss:2  | HP: 11/84 [lorocyproca (25)]
 16540 | Abyss:2  | Mangled by a lorocyproca

Vault maps used:
D:1:      roderic_crossed_star, lemuel_flame_loot_1
D:2:      grunt_dithmenos_smoke_and_mirrors
D:3:      nicolae_overflow_hidden_temple, gammafunk_ghost_split, first_ration,
          serial_bayou_crossing
D:4:      uniq_duvessa, uniq_robin
D:5:      grunt_temple_overflow_order_and_chaos_1, serial_undead,
          serial_undead_e, serial_undead_f, serial_undead_a, serial_undead_c,
          patterned_corridor
D:6:      lemuel_upstairs_altar, minmay_misc_feat_secret_circle, bloody_makhleb
D:7:      minmay_temple_entry_junction, grunt_livestock, uniq_prince_ribbit1
D:8:      marbit_many_paths, dpeg_oklobed_lair, nicolae_ashenzari_panopticon
D:9:      grunt_temple_overflow_lords_of_destruction, kennysheep_mini,
          overflow_temple_1_default, basic_altar
D:10:     minmay_smoke_and_mirrors, uniq_joseph
Temple:   minmay_temple_forest_path
Lair:1:   minmay_lair_oklob_chamber, grunt_megastairs_3
Lair:2:   minmay_snake_entry_guardpost_medium, basic_altar,
          guppyfry_lair_drakes, uniq_gastronok
Lair:3:   grunt_megastairs_5, serial_bayou_shore_a, uniq_fannar, uniq_urug
Abyss:2:  serial_sigils_hangedman_gut

Skill      XL: |  1  2  3  4  5  6  7  8  9 10 11 |
---------------+----------------------------------+-----
Long Blades    | 2 3 4 5 7 8 10 12 13 | 13.9
Armour         | 1 2 3 4 6 7 9 10 | 10.5
Fighting       | |  4.4
Short Blades   | |  1.7
Throwing       | |  1.0
Stealth        | |  1.0
Evocations     | |  1.0

Action                   |  1- 3 |  4- 6 |  7- 9 | 10-12 || total
-------------------------+-------+-------+-------+-------++-------
Melee: Falchion          |    94 |   169 |   352 |    99 ||   714
       Headbutt          |    15 |    29 |    80 |   134 ||   258
       Scimitar          |       |       |       |   529 ||   529
Throw: Tomahawk          |       |    10 |    20 |     8 ||    38
       Javelin           |       |       |     2 |    13 ||    15
       Throwing net      |       |       |       |     1 ||     1
Evoke: Wand              |       |     2 |       |     3 ||     5
  Use: Scroll            |     8 |     2 |     3 |    13 ||    26
       Potion            |       |     1 |     1 |     4 ||     6
 Stab: Distracted        |       |       |       |     2 ||     2
  Eat: Chunk             |     3 |     6 |    15 |    22 ||    46
       Ration            |       |       |       |     1 ||     1
Armor: Chain mail        |    66 |   121 |   188 |    55 ||   430
       Robe              |     2 |       |       |       ||     2
       Plate armour      |       |       |       |   253 ||   253
       Skin              |       |       |       |    26 ||    26
Dodge: Dodged            |    40 |    50 |   115 |   243 ||   448
       Rpst.: Falchion   |    18 |    14 |    41 |    14 ||    87
       Scimitar          |       |       |       |    58 ||    58

Table legend:
 A = Non-vault XP
 B = Vault XP
 C = Vault XP percentage of total XP
 D = Non-vault monster count
 E = Vault monster count
 F = Vault count percentage of total count
                 A         B        C        D         E       F
            +---------+---------+-------+---------+---------+-------
      Total |   12909 |    9092 |  41.3 |     210 |      51 |  19.5
            +---------+---------+-------+---------+---------+-------
        D:1 |      32 |       0 |   0.0 |      18 |       0 |   0.0
        D:2 |      64 |       0 |   0.0 |      17 |       0 |   0.0
        D:3 |     118 |     177 |  60.0 |      25 |       4 |  13.8
        D:4 |     334 |     254 |  43.2 |      14 |      13 |  48.1
        D:5 |    1679 |      97 |   5.5 |      29 |       7 |  19.4
        D:6 |    1207 |       0 |   0.0 |      18 |       0 |   0.0
        D:7 |    1000 |    1177 |  54.1 |      20 |       6 |  23.1
        D:8 |    1093 |       2 |   0.2 |      19 |       1 |   5.0
        D:9 |     570 |      48 |   7.8 |      11 |       1 |   8.3
       D:10 |     846 |    1840 |  68.5 |      12 |       3 |  20.0
     Lair:1 |    3160 |    1005 |  24.1 |      15 |       6 |  28.6
     Lair:2 |    1987 |    3548 |  64.1 |       7 |       8 |  53.3
     Lair:3 |     819 |     944 |  53.5 |       5 |       2 |  28.6
            +---------+---------+-------+---------+---------+-------

Table legend:
 A = Turns spent in this place as a percentage of turns spent in the entire game.
 B = Non-inter-level travel turns spent in this place as a percentage of non-inter-level travel turns spent in the entire game.
 C = Inter-level travel turns spent in this place as a percentage of turns spent in this place.
 D = Turns resting spent in this place as a percentage of non-inter-level travel turns spent in this place.
 E = Turns spent auto-exploring this place as a percentage of non-inter-level travel turns spent in this place.
 F = Non-inter-level travel turns spent in this place divided by the number of levels of this place that you've seen.
                   A       B       C       D       E      F
               +-------+-------+-------+-------+-------+----------------------
         Total | 100.0 | 100.0 |   6.0 |  26.2 |  44.5 | 1036.2
       Dungeon |  74.9 |  74.6 |   6.4 |  22.8 |  49.1 | 1158.8
        Temple |   2.1 |   2.1 |   9.6 |   0.0 |  99.1 | 320.0
          Lair |  22.0 |  22.4 |   4.6 |  41.5 |  26.1 | 1158.7
         Abyss |   1.0 |   1.0 |   0.0 |   0.0 |   0.0 | 159.0
               +-------+-------+-------+-------+-------+----------------------

Vault maps used:
D:1:      roderic_crossed_star, lemuel_flame_loot_1
D:2:      grunt_dithmenos_smoke_and_mirrors
D:3:      nicolae_overflow_hidden_temple, gammafunk_ghost_split, first_ration,
          serial_bayou_crossing
D:4:      uniq_duvessa, uniq_robin
D:5:      grunt_temple_overflow_order_and_chaos_1, serial_undead,
          serial_undead_e, serial_undead_f, serial_undead_a, serial_undead_c,
          patterned_corridor
D:6:      lemuel_upstairs_altar, minmay_misc_feat_secret_circle, bloody_makhleb
D:7:      minmay_temple_entry_junction, grunt_livestock, uniq_prince_ribbit1
D:8:      marbit_many_paths, dpeg_oklobed_lair, nicolae_ashenzari_panopticon
D:9:      grunt_temple_overflow_lords_of_destruction, kennysheep_mini,
          overflow_temple_1_default, basic_altar
D:10:     minmay_smoke_and_mirrors, uniq_joseph
Temple:   minmay_temple_forest_path
Lair:1:   minmay_lair_oklob_chamber, grunt_megastairs_3
Lair:2:   minmay_snake_entry_guardpost_medium, basic_altar,
          guppyfry_lair_drakes, uniq_gastronok
Lair:3:   grunt_megastairs_5, serial_bayou_shore_a, uniq_fannar, uniq_urug
Abyss:2:  serial_sigils_hangedman_gut
